Map: Île des contrebandiers EC

Players

zidar

  • Race: Zerg Zerg
  • League: Gold
  • Spawn Location: 11:00

Plugawy - Winner!

  • Race: Zerg Zerg
  • League: Gold
  • Spawn Location: 5:00

VOD

Have the link to the VOD?

Description

Time

  • Played on: Sept. 4, 2017, 12:01 p.m.
  • Length: 4:39
Show
View Real Time Build Order
Export as new Build Order

zidar Zerg 

Build Orders: Pool First 

Get SALT Encoding   

  12  0:01  Drone  
  13  0:16  Drone  
  14  0:22  Overlord  
  14  0:40  Drone x2  
  14  0:42  Drone  
  17  0:50  Spawning Pool  
  17  0:52  Drone  
  17  1:17  Hatchery  
  16  1:19  Drone  
  16  1:24  Extractor  
  16  1:37  Queen  
  18  1:43  Overlord  
  18  1:50  Zergling x4  
  20  2:01  Zergling x2  
  19  2:20  Zergling x4  
  21  2:27  Queen  
  23  2:39  Zergling x2  
  23  2:40  Zergling x4  
  26  2:45  Metabolic Boost  
  26  2:46  Baneling Nest  
  24  3:12  Drone x5  
  24  3:32  Zergling x2  
  24  3:33  Zergling x8  
  22  4:00  Drone  
  23  4:27  Hatchery  
Show
View Real Time Build Order
Export as new Build Order

Plugawy Zerg - Winner!

Build Orders: Pool First 

Get SALT Encoding   

  12  0:19  Spawning Pool  
  11  0:22  Drone  
  11  0:26  Drone  
  13  0:31  Drone  
  14  0:37  Extractor  
  14  0:39  Drone  
  14  0:49  Overlord  
  14  1:08  Zergling x2  
  14  1:09  Queen  
  17  1:11  Zergling x2  
  17  1:18  Zergling x2  
  19  1:27  Zergling x2  
  20  1:39  Zergling x2  
  21  1:40  Metabolic Boost  
  21  1:49  Zergling x2  
  22  1:59  Overlord  
  22  2:13  Zergling x2  
  20  2:27  Zergling x4  
  21  2:33  Hatchery  
  19  2:42  Zergling x2  
  19  2:43  Zergling x4  
  21  3:01  Zergling x2  
  22  3:06  Baneling Nest  
  19  3:33  Zergling x10  
  24  3:44  Zergling x2  
  24  3:47  Zergling x2  
  26  3:50  Queen  
  24  4:04  Baneling x2  
Tags
 
Add a new tag
Caveats
  • Supply blocks, unpowered buildings, or Contaminate may cause inaccurate times.
  • Supply counts are checked every 10 seconds.